AoeStats
← RaskWarrioR

Arena

510839145Analyzed
2v2 RM · 8h ago on Oct 2, 2026· 55m 51s· 4 players
Game mode
Random Map
Map size
Medium (4 player)
Population
200
Speed
Normal
Resources
Standard
Victory
Conquest
Starting age
Dark Age
Ending age
Imperial Age
RankedLock teamsTeams togetherTeam positionsShared explorationLock speedFull tech treeHidden civsTurbo modeCheats
Victory
Defeat
🇦🇷 Malay · Argentina
1291
+14
🇵🇪 Saracens · Peru
1215
+17
🇺🇸 Teutons · United States
1266
-16
🇪🇸 Bohemians · Spain
1225
-15
afi012290
6:42 Loom
11:56 Feudal Age
16:52 Castle Age
14:46 Double-Bit Axe
14:43 Horse Collar
15:29 Bloodlines
15:37 Scale Barding Armor
16:12 Forging
19:37 Wheelbarrow
32:46 Heavy Plow
34:36 Hand Cart
35:07 Bow Saw
42:46 Imperial Age
41:49 Chain Barding Armor
42:05 Iron Casting
41:20 Fletching
42:56 Cavalier
44:15 Plate Barding Armor
43:34 Fletching
44:48 Blast Furnace
43:38 Fletching
50:35 Two-Man Saw
Mata Ovejas 3000
7:16 Loom
9:28 Feudal Age
14:20 Castle Age
12:39 Double-Bit Axe
14:12 Town Watch
15:21 Wheelbarrow
15:05 Horse Collar
16:18 Fervor
16:33 Sanctity
34:58 Chemistry
35:04 Ballistics
36:00 Wagenburg Tactics
36:41 Masonry
36:26 Murder Holes
37:05 Wagenburg Tactics
40:38 Imperial Age
38:56 Hand Cart
39:02 Bow Saw
39:02 Heavy Plow
40:11 Fletching
40:22 Padded Archer Armor
40:33 Husbandry
41:01 Forging
40:57 Scale Barding Armor
41:45 Conscription
40:56 Cavalier
44:04 Iron Casting
43:51 Chain Barding Armor
45:44 Siege Engineers
46:17 Bodkin Arrow
46:39 Leather Archer Armor
46:35 Elite Hussite Wagon
47:16 Light Cavalry
49:35 Fortified Wall
49:56 Architecture
54:24 Bracer
54:55 Ring Archer Armor
RaskWarrioR
7:26 Loom
11:29 Feudal Age
15:56 Castle Age
17:34 Double-Bit Axe
23:02 Fletching
29:06 Scale Barding Armor
32:58 Bow Saw
34:24 Chain Barding Armor
34:21 Horse Collar
37:57 Imperial Age
35:41 Gold Mining
36:22 Forging
38:40 Iron Casting
38:53 Wheelbarrow
39:40 Plate Barding Armor
39:25 Heavy Plow
41:03 Conscription
41:38 Gold Shaft Mining
43:54 Blast Furnace
44:19 Elite Mameluke
47:03 Husbandry
49:59 Bloodlines
49:38 Light Cavalry
50:55 Hand Cart
51:44 Two-Man Saw
50:35 Stone Mining
51:44 Capped Ram
52:03 Hussar
EMALI
10:09 Feudal Age
9:45 Double-Bit Axe
9:41 Horse Collar
16:23 Castle Age
24:59 Forging
30:57 Imperial Age
28:16 Loom
32:12 Iron Casting
31:54 Pikeman
32:35 Squires
33:03 Halberdier
34:13 Bow Saw
38:28 Chemistry
38:58 Blast Furnace
38:41 Heavy Plow
38:31 Gold Mining
38:57 Fletching
39:24 Crossbowman
40:51 Bodkin Arrow
40:45 Arbalester
41:48 Ballistics
42:18 Bracer
43:04 Wheelbarrow
42:55 Padded Archer Armor
43:53 Wheelbarrow
46:55 Hand Cart
47:04 Conscription
47:12 Capped Ram
47:15 Man-at-Arms
48:04 Forced Levy
47:45 Long Swordsman
48:13 Arson
48:56 Two-Handed Swordsman
Connection lost

Rejoining the realm…

Still unreachable

The connection could not be restored.

Session expired

The server has moved on; the page needs a fresh start.